 Dungeon Crawl Stone Soup version 0.30-a0-159-g068b764562 (webtiles) character file.

Game seed: 11715178888885796443

53 porpoise the Sneak (level 4, -4/27 HPs)
             Began as a Kobold Hexslinger on Sept 28, 2022.
             Slain by a gnoll
             ... wielding a +0 club
              (7 damage)
             ... on level 2 of the Dungeon.
             The game lasted 00:05:01 (1575 turns).

porpoise the Sneak (Kobold Hexslinger)              Turns: 1575, Time: 00:05:01

Health: -4/27      AC:  3    Str:  9    XL:     4   Next: 10%
Magic:  2/5        EV: 15    Int: 14    God:
Gold:   69         SH:  0    Dex: 15    Spells: 4/5 levels left

rFire   . . .      SeeInvis .    a - +1 sling
rCold   . . .      Faith    .    (no shield)
rNeg    . . .      Spirit   .    c - +0 robe
rPois   .          Reflect  .    (no helmet)
rElec   .          Harm     .    (no cloak)
rCorr   .          Rampage  .    e - +0 pair of gloves
Will    .....                    (no boots)
Stlth   +++.......               (no amulet)
HPRegen 0.09/turn                (no ring)
MPRegen 0.09/turn                (no ring)

@: no status effects
A: small, no large weapons, nightstalker 3
a: no special abilities


You were on level 2 of the Dungeon.
You visited 1 branch of the dungeon, and saw 2 of its levels.

You collected 69 gold pieces.

Inventory:

Hand Weapons
 a - a +1 sling (weapon)
 b - a +0 dagger
Armour
 c - a +0 robe (worn)
 e - a +0 pair of gloves (worn)
Scrolls
 g - a scroll of poison
 h - a scroll of butterflies {unknown}
 i - 2 scrolls of identify {unknown}
 k - a scroll of blinking {unknown}
 l - a scroll of amnesia {unknown}
 m - 2 scrolls of teleportation {unknown}
Potions
 d - a potion of heal wounds {unknown}
 f - 2 potions of might {unknown}
 j - a potion of curing {unknown}
 n - a potion of flight {unknown}


   Skills:
 + Level 2.7 Fighting
 * Level 0.9 Short Blades
 - Level 2.6 Ranged Weapons
 - Level 2.4 Dodging
 + Level 3.2 Stealth
 - Level 1.1 Spellcasting
 - Level 3.0 Hexes


You had 4 spell levels left.
You knew the following spells:

 Your Spells              Type           Power      Damage    Failure   Level
a - Slow                  Hex            36%        N/A       8%          1

Your spell library contained the following spells:

 Spells                   Type           Power      Damage    Failure   Level
 Inner Flame              Hex/Fire       4%         N/A       38%         3
 Portal Projectile        Hex/Tloc       8%         N/A       38%         3
 Cause Fear               Hex            4%         N/A       58%         4


Dungeon Overview and Level Annotations

Branches:
Dungeon (2/15)

Altars:


Innate Abilities, Weirdness & Mutations

You are small and have problems with some larger weapons.
You are completely attuned to the shadows.


Message History

Aim: a gnoll, wielding a +0 club (almost dead, chance to affect: 55%)
The gnoll resists with significant effort.
The gnoll hits you with a +0 club.
* * * LOW HITPOINT WARNING * * *
Unknown command.
Casting: Slow (safe; 8% risk of failure)
Confirm with . or Enter, or press ? or * to list all spells.
Aiming: Slow (safe; 8% risk of failure)
Press: ? - help, Shift-Dir - straight line, f/p - gnoll
Aim: a gnoll, wielding a +0 club (almost dead, chance to affect: 55%)
The gnoll resists with significant effort.
The gnoll closely misses you.
Unknown command.
Casting: Slow (safe; 8% risk of failure)
Confirm with . or Enter, or press ? or * to list all spells.
Aiming: Slow (safe; 8% risk of failure)
Press: ? - help, Shift-Dir - straight line, f/p - gnoll
Aim: a gnoll, wielding a +0 club (almost dead, chance to affect: 55%)
The gnoll resists with significant effort.
The gnoll closely misses you.
A rat comes into view.
Unknown command.
The gnoll attacks as you move away! The gnoll barely misses you.
Casting: Slow (safe; 8% risk of failure)
Confirm with . or Enter, or press ? or * to list all spells.
Aiming: Slow (safe; 8% risk of failure)
Press: ? - help, Shift-Dir - straight line, f/p - gnoll
Aim: a gnoll, wielding a +0 club (almost dead, chance to affect: 55%)
The gnoll resists with significant effort.
The gnoll hits you with a +0 club.
* * * LOW HITPOINT WARNING * * *
Unknown command.
The gnoll attacks as you move away! The gnoll misses you.
The gnoll attacks as you move away! The gnoll closely misses you.
The gnoll attacks as you move away! The gnoll hits you with a +0 club.
* * * LOW HITPOINT WARNING * * *
You shoot a sling bullet. The sling bullet hits the gnoll.
You kill the gnoll!
The gnoll closely misses you. The gnoll hits you with a +0 club!
You die...

#................#
#................#
#................#
#................# ####
#..............>.# #..#
#................#
#####.#####..............##
....#.#.....g.rg.#..>...##
....#.........g)@.....### #..
...g###.###########.#.#########..
...r.r..# ###...............
...###### #####.....##....####.†
.. ###.....###.#####...##.. .
##...###.....##..........
.......................##
##.................[..###
.(.....<..............# #


You could see 3 gnolls and a rat.

Vanquished Creatures
  A gnoll (D:2)
  An adder (D:2)
  2 worms
  A dart slug (D:1)
  3 endoplasms (D:1)
  A giant cockroach (D:1)
  2 goblins (D:1)
  7 hobgoblins
  A quokka (D:1)
  A ball python (D:2)
  5 bats (D:2)
  2 frilled lizards
  7 kobolds
  3 rats
37 creatures vanquished.

Notes
Turn   | Place    | Note
-------+----------+-------------------------------------------
     0 | D:1      | porpoise the Kobold Hexslinger began the quest for the Orb.
     0 | D:1      | Reached XP level 1. HP: 12/12 MP: 2/2
    78 | D:1      | Reached skill level 1 in Stealth
   136 | D:1      | Reached XP level 2. HP: 15/16 MP: 3/3
   511 | D:1      | Reached XP level 3. HP: 19/21 MP: 4/4
  1356 | D:2      | Reached XP level 4. HP: 17/27 MP: 5/5
  1575 | D:2      | Slain by a gnoll

Illustrated notes

Levels and vault maps discovered:
D:1:      spicycebolla_green_bress_n_ham, layout_rooms
D:2:      layout_rooms

Skill      XL: |  1  2  3 |
---------------+----------+-----
Stealth        | 1 2 3 |  3.2
Fighting       | 2 |  2.7
Short Blades   | |  0.9
Ranged Weapons | |  2.6
Dodging        | |  2.4
Spellcasting   | |  1.1
Hexes          | |  3.0

Action                   |  1- 3 |  4- 6 || total
-------------------------+-------+-------++-------
Melee: Dagger            |    58 |     6 ||    64
 Fire: Sling             |    89 |     7 ||    96
 Cast: Slow              |       |     4 ||     4
 Stab: Sleeping          |     1 |       ||     1
Armor: Robe              |    16 |     1 ||    17
Dodge: Dodged            |    67 |    11 ||    78

Table legend: (Time is in decaauts)
 A = Elapsed time spent in this place.
 B = Non-inter-level travel time spent in this place.
 C = Inter-level travel time spent in this place.
 D = Time resting spent in this place.
 E = Time spent auto-exploring this place.
 F = Levels seen in this place.
 G = Mean time per level.
                   A        B        C        D        E       F      G
               +--------+--------+--------+--------+--------+-----+--------+
         Total |   1594 |   1549 |     45 |    553 |    672 |   2 |  797.0 |
       Dungeon |   1594 |   1549 |     45 |    553 |    672 |   2 |  797.0 |
               +--------+--------+--------+--------+--------+-----+--------+

Top non-repeatable levels by time:
     D:1: 1129 daAuts
     D:2: 464 daAuts
